 Dungeon Crawl Stone Soup version bcrawl-1.32 (webtiles) character file.

Game seed: 6551629562020629163

306926 Morbidden the Grappler (level 9, -6/84 HPs)
             Began as a Troll Archaeologist on June 28, 2021.
             Mangled by a warg (13 damage)
             ... on level 6 of the Dungeon.
             The game lasted 00:08:44 (5543 turns).

Morbidden the Grappler (Troll Archaeologist)        Turns: 5543, Time: 00:08:45

Health: -6/84      AC:  9    Str: 28    XL:     9   Next: 28%
Magic:  8/8        EV: 11    Int: 14    God:
Gold:   56         SH:  0    Dex:  8    Spells: 8/8 levels left

rFire    . . .     SeeInvis .     - Claws (31.3)
rCold    + . .     Gourm    +   (no shield)
rNeg     . . .     Faith    .   (armour unavailable)
rPois    .         Spirit   .   c - +1 hat
rElec    .         Reflect  .   i - scarf {repulsion}
rCorr    .         Harm     .   (gloves unavailable)
MR       .....                  (boots unavailable)
Stlth    ++........             H - amulet of regeneration
HPRegen  0.88/turn              x - +7 ring of strength
MPRegen  0.11/turn              F - ring of protection from cold

@: lethally poisoned (-6 -> -6), studying Unarmed Combat, repel missiles
A: large, almost no armour, claws 3, fast metabolism 3, gourmand, regeneration
1, AC +8
a: no special abilities


You were on level 6 of the Dungeon.
You were full.

You visited 2 branches of the dungeon, and saw 8 of its levels.
You also visited: Sewer.

You collected 371 gold pieces.
You spent 315 gold pieces at shops.

Inventory:

Hand Weapons
 b - a +0 hunting sling
 l - a +0 blowgun
Missiles
 d - 6 curare-tipped needles
 h - 277 poisoned needles
 j - 1357 stones (quivered)
 n - 100 sling bullets
 J - 50 large rocks
Armour
 c - a +1 hat (worn)
 i - a scarf of repulsion (worn)
Jewellery
 x - a +7 ring of strength (left claw)
 D - an uncursed ring of insulation
 F - a ring of protection from cold (right claw)
 H - an amulet of regeneration (around neck)
Wands
 w - a wand of iceblast (10)
 y - a wand of acid (5)
 G - a wand of random effects (10)
Scrolls
 a - a scroll of fog {unknown}
 g - a scroll of magic mapping
 k - 2 scrolls of fear {unknown}
 o - 10 scrolls of remove curse {unknown}
 p - 4 scrolls of teleportation {unknown}
 v - a scroll of amnesia {unknown}
 A - 2 scrolls of immolation {unknown}
Potions
 f - 3 potions of agility {unknown}
 m - 4 potions of mutation {unknown}
 q - a potion of lignification {unknown}
 r - 6 potions of curing {unknown}
 s - 4 potions of brilliance {unknown}
 t - a potion of haste {unknown}
 u - 3 potions of might {unknown}
 z - 2 potions of ambrosia {unknown}
 B - 4 potions of flight {unknown}
 C - a potion of heal wounds {unknown}
 E - a potion of resistance {unknown}
 I - a potion of magic {unknown}
Comestibles
 e - 15 rations {!d}


   Skills:
 * Level 3.8 Fighting
   Level 1.0 Maces & Flails
 + Level 2.7(3.4) Slings
 * Level 4.0(4.7) Throwing
 * Level 4.9 Dodging
 + Level 2.3 Stealth
 * Level 10.9 Unarmed Combat


You had 8 spell levels left.
You didn't know any spells.
Your spell library was empty.

Dungeon Overview and Level Annotations

Branches:
Dungeon (7/12)             Temple (1/1) D:7            Lair (0/6) D:7

Altars:
Ashenzari
Dithmenos
Fedhas
Gozag
Hepliaklqana
Lugonu
Makhleb
Nemelex Xobeh
Okawaru
Ru
Sif Muna
Trog
Vehumet
Wu Jian
Zin
The Shining One

Shops:
D:5 *   D:7 [?*


Innate Abilities, Weirdness & Mutations

You cannot wear most types of armour.
Your thick skin is tough. (AC +8)
You are too large for most types of armour.
You have claws for hands.
Your metabolism is lightning-fast.
You like to eat raw meat.
Your natural rate of healing is unusually fast.


Message History

You feel sick. The warg bites you!
* * * LOW HITPOINT WARNING * * *
The orc wizard miscasts a cantrip.
A mysterious force pulls you upwards. The hatch slams shut behind you.
Unknown command.
Unknown command.
Unknown command.
You barely miss the warg.
You feel sick. The warg bites you!
* * * LOW HITPOINT WARNING * * *
You claw the warg!
The warg is moderately wounded.
The warg bites you!
* * * LOW HITPOINT WARNING * * *
You closely miss the warg.
The warg is moderately wounded.
The warg barely misses you.
You claw the warg!
The warg is almost dead.
You feel sick. The warg bites you!
You die...

#..... #.#### #.##.. ###
###.##.# ##.## #......#
##.#.###########.#.#..# ###
#.#..................#.
##.######...###########.#.#...
#............@h.............#.
##..#####...###########...#...
#..######### #.......
#..##...## #...##.#
###..#.....## ######..
#...........########## #..
#.#..................# ##.
#.#......"..########.# #.
#.##.#.....## ##.# #####.


You could see a warg.

Vanquished Creatures
  A hippogriff (D:6)
  A yak (D:5)
  A warg (D:7)
  Duvessa (D:5)
  An ice beast (D:7)
  2 phantoms
  An ogre (D:6)
  A black bear (D:6)
  A necrophage (D:6)
  2 centaurs (D:5)
  A big kobold (Sewer)
  A bullfrog (D:7)
  Dowan (D:5)
  A water moccasin skeleton (D:5)
  A scorpion (D:6)
  3 wights (D:6)
  5 crimson imps
  A quasit (D:6)
  A jelly (D:5)
  4 hounds
  2 orc wizards
  An iguana (D:4)
  2 worker ants (D:6)
  2 hound skeletons
  A gnoll (D:5)
  14 adders
  8 river rats
  An ooze (D:3)
  2 adder skeletons
  5 worms
  A dart slug (D:2)
  2 leopard geckos
  16 orcs
  2 ball pythons (Sewer)
  7 bats
  5 giant cockroaches
  4 goblins
  4 hobgoblins
  4 quokkas
  A frilled lizard (D:1)
  21 kobolds
  27 rats
163 creatures vanquished.

Notes
Turn   | Place    | Note
-------+----------+-------------------------------------------
     0 | D:1      | Morbidden the Troll Archaeologist began the quest for the
                  | Orb.
     0 | D:1      | Reached XP level 1. HP: 18/18 MP: 0/0
   191 | D:1      | Reached XP level 2. HP: 24/26 MP: 1/1
   735 | D:2      | Reached skill level 1 in Fighting
   735 | D:2      | Reached skill level 1 in Unarmed Combat
   781 | D:2      | Reached XP level 3. HP: 33/33 MP: 2/2
  1334 | D:3      | Reached skill level 1 in Slings
  1334 | D:3      | Gained mutation: Your natural rate of healing is unusually
                  | fast. [Troll growth]
  1334 | D:3      | Reached XP level 4. HP: 31/41 MP: 3/3
  1427 | D:3      | Reached skill level 1 in Throwing
  1576 | D:3      | Found a burning altar of Makhleb.
  1737 | D:3      | Found a faded altar of an unknown god.
  1897 | D:4      | Reached XP level 5. HP: 45/48 MP: 4/4
  1897 | D:4      | Identified a scroll of acquirement
  1966 | D:4      | Reached skill level 2 in Unarmed Combat
  1994 | D:4      | Noticed a phantom
  2016 | D:4      | Killed a phantom
  2017 | D:4      | Reached XP level 6. HP: 40/57 MP: 5/5
  2080 | D:4      | Found a glowing drain.
  2090 | Sewer    | Entered a sewer
  2224 | Sewer    | Reached skill level 3 in Unarmed Combat
  2363 | Sewer    | Reached XP level 7. HP: 66/66 MP: 6/6
  3038 | D:4      | Reached skill level 4 in Unarmed Combat
  3537 | D:5      | Entered Level 5 of the Dungeon
  3583 | D:5      | Reached skill level 5 in Unarmed Combat
  3679 | D:5      | Found a shimmering blue altar of Sif Muna.
  3680 | D:5      | Found a sparkling altar of Nemelex Xobeh.
  3680 | D:5      | Found a radiant altar of Vehumet.
  3734 | D:5      | Noticed Duvessa
  3748 | D:5      | Killed Duvessa
  3748 | D:5      | Noticed Dowan
  3749 | D:5      | Reached skill level 6 in Unarmed Combat
  3764 | D:5      | Killed Dowan
  3793 | D:5      | Reached XP level 8. HP: 71/74 MP: 7/7
  3827 | D:5      | Found Gumed's Assorted Antiques.
  3837 | D:5      | Bought a scratched emerald ring for 155 gold pieces
  3870 | D:5      | Reached skill level 7 in Unarmed Combat
  4209 | D:6      | Reached skill level 8 in Unarmed Combat
  4489 | D:6      | Reached skill level 9 in Unarmed Combat
  4621 | D:6      | Noticed a hippogriff
  4631 | D:6      | Killed a hippogriff
  4632 | D:6      | Reached skill level 10 in Unarmed Combat
  4632 | D:6      | Reached XP level 9. HP: 65/83 MP: 8/8
  4637 | D:6      | Got a brightly glowing bronze amulet
  4638 | D:6      | Identified the amulet "Hoolij" {Inacc rElec} (You found it
                  | on level 6 of the Dungeon)
  5124 | D:7      | Found Oschet's General Store.
  5200 | D:7      | Found a staircase to the Ecumenical Temple.
  5245 | D:7      | Found Olacuest's Antique Armour Shop.
  5260 | D:7      | Bought an embroidered scarf for 160 gold pieces
  5299 | Temple   | Entered the Ecumenical Temple
  5525 | D:7      | Found Atuir's Magic Scroll Shop.
  5529 | D:7      | Found a staircase to the Lair.
  5543 | D:6      | Mangled by a warg

Skill      XL: |  1  2  3  4  5  6  7  8  9 |
---------------+----------------------------+-----
Fighting       | 1 2 3 |  3.8
Unarmed Combat | 1 2 3 6 10 | 10.9
Slings         | 1 2 |  2.7
Dodging        | 3 4 |  4.9
Throwing       | 1 2 3 4 |  4.0
Stealth        | 2 |  2.3
Maces & Flails | |  1.0

Action                   |  1- 3 |  4- 6 |  7- 9 || total
-------------------------+-------+-------+-------++-------
Melee: Unarmed           |    48 |   131 |   220 ||   399
       Punch             |       |       |     4 ||     4
 Fire: Hunting sling     |    63 |   105 |    10 ||   178
Throw: Stone             |     3 |     5 |    26 ||    34
  Use: Scroll            |       |     3 |     2 ||     5
 Stab: Sleeping          |       |     2 |     2 ||     4
  Eat: Chunk             |    16 |    13 |    21 ||    50
Armor: Skin              |    31 |    74 |    97 ||   202
Dodge: Dodged            |    24 |    87 |   100 ||   211
